 Seeded DCSS version 0.29-a0-360-g8ed1089bbe (webtiles) character file.

Game seed: 15287331097417565828 (custom seed)

86291 thiscave3701365 the Axe Maniac (level 15, -6/195 HPs)
             Began as a Minotaur Berserker on Apr 27, 2022.
             Was a High Priest of Trog.
             Killed from afar by a yellow draconian annihilator (53 damage)
             ... with an iron shot
             ... on level 3 of the Abyss on Apr 28, 2022.
             The game lasted 00:38:15 (27101 turns).

thiscave3701365 the Axe Maniac (MiBe)              Turns: 27101, Time: 00:38:15

Health: -6/195     AC: 20    Str: 36    XL:     15   Next: 40%
Magic:  14/14      EV: 10    Int: 13    God:    Trog [*****.]
Gold:   2457       SH:  5    Dex:  9    Spells: 14/14 levels left

rFire   . . .      SeeInvis +   A - +7 executioner's axe (elec)
rCold   + . .      Faith    .   (shield currently unavailable)
rNeg    . . .      Spirit   .   f - +4 shadow dragon scales
rPois   .          Reflect  +   (helmet restricted)
rElec   .          Harm     .   B - +0 cloak of the Salamander {Slay+2}
rCorr   .          Rampage  .   (no gloves)
Will    +....                   I - +1 pair of boots of Puv Zogh {Contam rC+ Int+9 Stlth+}
Stlth   ..........              r - amulet of reflection
HPRegen 0.42/turn               u - ring of see invisible
MPRegen 0.14/turn               n - +6 ring of strength

@: berserking (expiring), corroded, studying Stealth, very quick
A: horns 2, retaliatory headbutt
a: Renounce Religion, Berserk, Trog's Hand, Brothers in Arms


You were on level 3 of the Abyss.
You worshipped Trog.
Trog was extremely pleased with you.
You visited 2 branches of the dungeon, and saw 19 of its levels.
You visited the Abyss 1 time.
You also visited: Bailey and Ice Cave.

You collected 2780 gold pieces.
You spent 323 gold pieces at shops.

Inventory:

Hand Weapons
 A - a +7 executioner's axe of electrocution (weapon)
 N - a +9 antimagic broad axe
 P - the +3 flail of Luxury {vorpal, Dex+3 SInv}
   (You found it on level 5 of the Lair of Beasts)

   It inflicts extra damage upon your enemies.
   Dex:       It affects your dexterity (+3).
   SInv:      It lets you see invisible.
 Q - the +8 autumn katana {vorpal, manifold assault}
   (You found it on level 10 of the Dungeon)

   It sometimes launches melee attacks against multiple visible enemies.
Missiles
 c - 3 throwing nets
Armour
 f - +4 shadow dragon scales (worn)
 B - the +0 cloak of the Salamander (worn) {Slay+2}
   (You bought it in a shop on level 6 of the Dungeon)

   Slay:      It affects your accuracy & damage with ranged weapons and melee
   (+2).
 I - the +1 pair of boots of Puv Zogh (worn) {Contam rC+ Int+9 Stlth+}
   (You found it in a bailey)

   Int:       It affects your intelligence (+9).
   rC:        It protects you from cold.
   Contam:    It causes magical contamination when unequipped.
   Stlth:     It makes you more stealthy.
Jewellery
 b - a +6 ring of dexterity
 j - a +4 ring of protection
 n - a +6 ring of strength (right hand)
 r - an amulet of reflection (around neck)
 u - a ring of see invisible (left hand)
 F - an amulet of the acrobat
 L - a +6 ring of dexterity
Wands
 k - a wand of flame (58)
 q - a wand of iceblast (21)
 s - a wand of acid (14)
 G - a wand of paralysis (9)
 J - a wand of digging (6)
 K - a wand of mindburst (12)
 S - a wand of polymorph (6)
Scrolls
 g - a scroll of blinking
 l - 4 scrolls of magic mapping
 m - 3 scrolls of immolation
 p - 7 scrolls of identify
 w - 2 scrolls of teleportation
 x - 3 scrolls of fog
 y - 6 scrolls of amnesia
 H - a scroll of vulnerability
 O - a scroll of noise
 R - a scroll of fear
Potions
 a - a potion of lignification
 d - a potion of haste
 e - 3 potions of invisibility
 h - 4 potions of attraction
 i - 8 potions of heal wounds
 o - 3 potions of resistance
 t - 4 potions of might
 v - 10 potions of flight
 z - 7 potions of curing
 C - 2 potions of cancellation
 D - 3 potions of mutation
 E - 3 potions of berserk rage
 M - a potion of magic {unknown}
 T - a potion of brilliance {unknown}


   Skills:
 + Level 11.2 Fighting
 O Level 27 Axes
 + Level 10.2 Armour
 + Level 4.1 Dodging
 + Level 6.0 Stealth
 + Level 5.6 Shields


You had 14 spell levels left.
You didn't know any spells.
Your spell library was empty.

Dungeon Overview and Level Annotations

Branches:
Dungeon (13/15)            Temple (0/1) D:5            Lair (6/6) D:11
  Swamp (0/4) Lair:3        Snake (0/4) Lair:3        Slime (0/5) Lair:5
    Orc (0/2) D:9          Bailey (visited)           IceCv (visited)
 Vaults: D:13-14

Altars:
Cheibriados
Dithmenos
Elyvilon
Hepliaklqana
Kikubaaqudgha
Nemelex Xobeh
Okawaru
Ru
Sif Muna
Trog
Vehumet
Wu Jian
Xom
Zin
Jiyva

Shops:
D:3 (   D:6 [

Portals:
Abyss: Lair:2
Trove: D:13 (give +6 demon whip)

Annotations:
D:4 Natasha
D:6 exclusion: downstairs
Lair:2 1 transporter


Innate Abilities, Weirdness & Mutations

You have a pair of horns on your head.
You reflexively headbutt those who attack you in melee.


Message History

That felt strangely unrewarding.
You hear a bleat!
Tentacles burst from the starspawn's body!
An apocalypse crab comes into view. 2 starspawn tentacles come into view.
The starspawn tentacle grabs you. The starspawn tentacle constricts you.
You slice the starspawn tentacle!!
You destroy the starspawn tentacle!
A tentacle flies out from the starspawn's body!
A starspawn tentacle comes into view.
A wretched star comes into view.
You are suddenly pulled into a different region of the Abyss!
You start resting.
A wretched star comes into view.
A wretched star is nearby!
A wretched star is nearby!
A wretched star is nearby!
A chaos spawn comes into view.
The yellow draconian annihilator roars!
The chaos spawn's eagle head screeches!
The yellow draconian annihilator spits acid at you.
The glob of acid hits you!! The acid corrodes you!
A red film seems to cover your vision as you go berserk!
You feel yourself moving faster!
You feel mighty!
The yellow draconian annihilator gestures wildly while chanting.
The yellow draconian annihilator blinks!
You are too injured to fight recklessly!
Unknown command.
You feel a strong urge to attack something.
The yellow draconian annihilator spits acid at you.
The glob of acid hits you!!
* * * LOW HITPOINT WARNING * * *
You completely miss the yellow draconian annihilator.
You headbutt the yellow draconian annihilator.
The yellow draconian annihilator is lightly wounded.
You barely miss the yellow draconian annihilator.
You headbutt the yellow draconian annihilator, but do no damage.
The yellow draconian annihilator is lightly wounded.
The yellow draconian annihilator points at you and mumbles some strange words.
The iron shot hits you!!!
You die...

#########.. ###.#. .#
## # ...##.. # ....#.
##......#.... .#....##
.
.#.#....###...#..#.#.#
#..#...#.##....#.... .
.## ....#.##....4## #.
.##.#..#..#.....##
##...##.....#.q@.###
##..#.### ##......#.#
..#..#..###.####.###.#
.. .......## .##.###
.. ## #.##. .#.. ...
#.. ###.. #.#######.#
#..# ####### #.# ...
... #.


You could see a yellow draconian annihilator (catching breath) and a chaos
spawn.

Vanquished Creatures
  A bone dragon (Abyss:3)
  An angel (Abyss:3)
  A frost giant (IceCv)
  Nessos (Lair:4)
  A dire elephant (Lair:6)
  A lorocyproca (Abyss:3)
  8 hydras
  The ghost of Qyfeneh the Cleaver, a journeyman DsFi of Cheibriados (Lair:2)
  2 catoblepae
  The ghost of spiderkeys the Nimble, a novice DDAK of Lugonu (D:10)
  A centaur warrior (D:13)
  2 two-headed ogres
  A deep troll shaman (Lair:6)
  28 death yaks
  A dancing weapon (D:10)
  A tengu warrior (D:13)
  Nergalle (Lair:1)
  A thrashing horror (Lair:2)
  4 skeletal warriors (D:13)
  Pikel (D:5)
  An oklob plant (Lair:2)
  3 ugly things
  An orc sorcerer (Abyss:3)
  3 cyclopes
  2 manticores
  26 elephants
  7 black mambas
  A smoke demon (Abyss:3)
  A torpor snail (Lair:2)
  An unseen horror (D:12)
  An ice statue (IceCv)
  18 cane toads
  2 kobold demonologists (D:9)
  3 komodo dragons
  8 rime drakes
  A catoblepas skeleton (Abyss:3)
  An ancient zyme (Lair:2)
  A large abomination (Abyss:3)
  10 polar bears
  2 trolls
  2 hornets
  A tyrant leech (Lair:3)
  4 slime creatures (D:13)
  24 blink frogs
  A stone giant simulacrum (Abyss:3)
  An air elemental (Abyss:3)
  4 wyverns
  64 yaks
  6 basilisks
  A steam dragon (D:7)
  2 vampire mosquitoes (D:12)
  Eustachio (D:4)
  4 wargs
  16 water moccasins
  A swamp worm (Lair:3)
  An acid dragon (D:10)
  3 nagas (Lair:3)
  3 ogres
  5 black bears
  A black bear (shapeshifter) (D:11)
  7 orc warriors
  2 sky beasts
  2 small abominations (Abyss:3)
  26 wolves
  3 ice beasts
  An ogre (shapeshifter) (D:11)
  5 centaurs
  A phantom (D:7)
  13 bullfrogs
  A necrophage (D:6)
  3 scorpions
  An earth elemental (Abyss:3)
  7 wights
  7 electric eels
  2 howler monkeys
  2 hounds
  13 orc priests
  3 iguanas
  Natasha (D:4)
  19 orc wizards
  10 adders
  2 white imps
  A worm (D:2)
  A dart slug (D:4)
  71 orcs
  9 bats
  9 endoplasms
  4 giant cockroaches
  12 goblins
  7 hobgoblins
  7 jackals
  9 kobolds
  4 quokkas
  10 ball pythons
  7 frilled lizards
  5 rats
  3 bushes (Lair:2)
  A butterfly (Lair:5)
  A starspawn tentacle (Abyss:3)
589 creatures vanquished.

Vanquished Creatures (collateral kills)
  An ice devil (Abyss:3)
  A hellwing (Abyss:3)
  A small abomination (Abyss:3)
3 creatures vanquished.

Vanquished Creatures (others)
  21 fungi
  50 plants
  A starspawn tentacle (Abyss:3)
72 creatures vanquished.

Grand Total: 664 creatures vanquished

Notes
Turn   | Place    | Note
-------+----------+-------------------------------------------
     0 | D:1      | thiscave3701365 the Minotaur Berserker began the quest for
                  | the Orb.
     0 | D:1      | Reached XP level 1. HP: 19/19 MP: 0/0
    62 | D:1      | Reached skill level 4 in Axes
   108 | D:1      | Found a radiant altar of Vehumet.
   117 | D:1      | Reached XP level 2. HP: 22/26 MP: 1/1
   523 | D:1      | Reached skill level 5 in Axes
   623 | D:1      | Found a faded altar of an unknown god.
   792 | D:1      | Reached ** piety under Trog
   793 | D:1      | Reached XP level 3. HP: 31/31 MP: 2/2
  1293 | D:2      | Reached skill level 6 in Axes
  1293 | D:2      | Reached XP level 4. HP: 31/39 MP: 3/3
  1489 | D:2      | HP: 1/39 [orc wizard/+0 dagger (1)]
  2099 | D:2      | Reached XP level 5. HP: 45/45 MP: 4/4
  2183 | D:2      | Reached skill level 7 in Axes
  2409 | D:2      | Identified a scroll of acquirement
  2409 | D:2      | Acquired 1195 gold pieces
  2596 | D:3      | Found a sparkling altar of Nemelex Xobeh.
  3237 | D:3      | Reached skill level 8 in Axes
  3239 | D:3      | Reached XP level 6. HP: 38/51 MP: 5/5
  3517 | D:3      | Found Rogilen's Weapon Shoppe.
  3599 | D:4      | Noticed Natasha
  3607 | D:4      | Killed Natasha
  3628 | D:4      | Reached *** piety under Trog
  3668 | D:4      | Noticed Natasha
  3784 | D:4      | Found a snail-covered altar of Cheibriados.
  3848 | D:4      | Noticed Eustachio
  3857 | D:4      | Killed Eustachio
  3858 | D:4      | Reached skill level 9 in Axes
  4078 | D:4      | Found a bloodstained altar of Trog.
  4382 | D:4      | Found an ornate altar of the Wu Jian Council.
  4382 | D:4      | Found an ancient bone altar of Kikubaaqudgha.
  4570 | D:5      | Entered Level 5 of the Dungeon
  4576 | D:5      | Reached XP level 7. HP: 57/57 MP: 6/6
  4664 | D:5      | Found a staircase to the Ecumenical Temple.
  4786 | D:5      | Reached skill level 10 in Axes
  5110 | D:5      | Noticed Pikel
  5128 | D:5      | Killed Pikel
  5129 | D:5      | Reached skill level 12 in Axes
  5129 | D:5      | Reached XP level 8. HP: 64/64 MP: 7/7
  5530 | D:5      | Found a shimmering altar of Xom.
  5706 | D:5      | Found a shimmering blue altar of Sif Muna.
  5780 | D:6      | Reached skill level 13 in Axes
  5955 | D:6      | Found Vybilem's Antique Armour Shop.
  5963 | D:6      | Bought a shimmering cloak for 323 gold pieces
  5963 | D:6      | Identified the +0 cloak of the Salamander {Slay+2} (You
                  | bought it in a shop on level 6 of the Dungeon)
  6187 | D:6      | Reached skill level 14 in Axes
  6450 | D:6      | Reached XP level 9. HP: 70/70 MP: 8/8
  7032 | D:7      | Found an iron altar of Okawaru.
  7261 | D:7      | Reached skill level 1 in Stealth
  7958 | D:7      | Reached skill level 15 in Axes
  8676 | D:8      | Found a hazy altar of Hepliaklqana.
  8694 | D:8      | Reached **** piety under Trog
  8835 | D:8      | Reached skill level 1 in Shields
  9075 | D:8      | Found a glowing silver altar of Zin.
  9495 | D:9      | Reached XP level 10. HP: 64/80 MP: 9/9
  9580 | D:9      | Reached skill level 5 in Armour
  9581 | D:9      | Reached skill level 5 in Fighting
  9624 | D:9      | Found a staircase to the Orcish Mines.
  9846 | D:9      | Found a sacrificial altar of Ru.
 10089 | D:9      | Found a shadowy altar of Dithmenos.
 10118 | D:9      | Noticed a two-headed ogre
 10134 | D:9      | Killed a two-headed ogre
 10135 | D:9      | Reached skill level 16 in Axes
 10535 | D:10     | Entered Level 10 of the Dungeon
 10556 | D:10     | Found a runed translucent door.
 10557 | D:10     | Found a shimmering altar of Xom.
 10557 | D:10     | Noticed spiderkeys's ghost (novice DDAK)
 10557 | D:10     | Found the +8 autumn katana {vorpal, manifold assault}
 10558 | D:10     | Noticed a +0 halberd of chaos
 10561 | D:10     | Found a flagged portal.
 10587 | Bailey   | Entered a bailey
 11038 | Bailey   | Reached ***** piety under Trog
 11156 | Bailey   | Identified the +1 pair of boots of Puv Zogh {Contam rC+
                  | Int+9 Stlth+}
 11167 | Bailey   | Acquired a +2 executioner's axe of draining
 11171 | Bailey   | Upgraded the game from 0.29-a0-359-g541a27f54d to
                  | 0.29-a0-360-g8ed1089bbe
 11470 | D:10     | Noticed a two-headed ogre
 11476 | D:10     | Killed a two-headed ogre
 11483 | D:10     | Reached XP level 11. HP: 92/92 MP: 10/10
 12374 | D:10     | Found a white marble altar of Elyvilon.
 12757 | D:11     | Found a staircase to the Lair.
 13465 | D:11     | Reached skill level 17 in Axes
 13760 | D:11     | Noticed a seven-headed hydra
 13769 | D:11     | Killed an 11-headed hydra
 14239 | Lair:1   | Entered Level 1 of the Lair of Beasts
 14300 | Lair:1   | Noticed a seven-headed hydra
 14303 | Lair:1   | Noticed Nergalle
 14311 | Lair:1   | Killed Nergalle
 14312 | Lair:1   | Reached skill level 18 in Axes
 14315 | Lair:1   | Killed an 11-headed hydra
 14777 | Lair:1   | Reached skill level 19 in Axes
 15230 | Lair:1   | Reached XP level 12. HP: 100/100 MP: 11/11
 15585 | Lair:2   | Noticed a death yak
 15586 | Lair:2   | Noticed a death yak
 15591 | Lair:2   | Noticed a death yak
 15593 | Lair:2   | Killed a death yak
 15593 | Lair:2   | Noticed a death yak
 15594 | Lair:2   | Reached skill level 20 in Axes
 15595 | Lair:2   | Noticed a death yak
 15598 | Lair:2   | Killed a death yak
 15600 | Lair:2   | Killed a death yak
 15603 | Lair:2   | Killed a death yak
 15606 | Lair:2   | Killed a death yak
 15897 | Lair:2   | Found a transporter.
 15902 | Lair:2   | Found a transporter.
 15903 | Lair:2   | Found a one-way gate to the infinite horrors of the Abyss.
 15903 | Lair:2   | Noticed Qyfeneh's ghost (journeyman DsFi)
 15918 | Lair:2   | Found a frozen archway.
 15934 | Lair:2   | Reached skill level 21 in Axes
 15962 | IceCv    | Entered an ice cave
 16403 | IceCv    | Noticed a death yak
 16416 | IceCv    | Killed a death yak
 16417 | IceCv    | Reached skill level 22 in Axes
 16610 | IceCv    | Received a gift from Trog
 16785 | IceCv    | Noticed a death yak
 16795 | IceCv    | Killed a death yak
 16855 | IceCv    | Noticed a death yak
 16855 | IceCv    | Noticed a death yak
 16864 | IceCv    | Killed a death yak
 16865 | IceCv    | Reached XP level 13. HP: 105/105 MP: 12/12
 17082 | IceCv    | Noticed a frost giant
 17093 | IceCv    | Killed a frost giant
 17101 | IceCv    | Reached skill level 23 in Axes
 17936 | Lair:2   | Noticed an entropy weaver
 18202 | Lair:2   | Noticed a cacodemon
 18445 | Lair:3   | Reached skill level 24 in Axes
 18482 | Lair:3   | Found a staircase to the Snake Pit.
 18669 | Lair:3   | Received a gift from Trog
 19220 | Lair:3   | Found a staircase to the Swamp.
 19844 | Lair:3   | Reached skill level 25 in Axes
 20512 | Lair:4   | Reached XP level 14. HP: 109/113 MP: 13/13
 20769 | Lair:4   | Noticed Nessos
 20777 | Lair:4   | Killed Nessos
 21186 | Lair:4   | Found a dark tunnel.
 21625 | Lair:5   | Reached skill level 26 in Axes
 22041 | Lair:5   | Found a staircase to the Slime Pits.
 22042 | Lair:5   | Found a viscous altar of Jiyva.
 22412 | Lair:6   | Entered Level 6 of the Lair of Beasts
 22603 | Lair:6   | Reached skill level 27 in Axes
 23559 | Lair:6   | Reached skill level 5 in Shields
 23566 | Lair:6   | Reached XP level 15. HP: 105/125 MP: 14/14
 24363 | Lair:5   | Identified the +3 flail of Luxury {vorpal, Dex+3 SInv}
 24534 | D:10     | Killed spiderkeys's ghost
 24535 | D:10     | Reached skill level 10 in Fighting
 24969 | D:12     | Found a white marble altar of Elyvilon.
 25474 | D:13     | Reached skill level 5 in Stealth
 25582 | D:13     | Found a portal to a secret trove of treasure.
 25892 | D:13     | Reached skill level 10 in Armour
 26757 | Lair:2   | Killed Qyfeneh's ghost
 26764 | Lair:2   | Cast into level 3 of the Abyss (spriggan rider)
 26810 | Abyss:3  | Paralysed by an air elemental for 1 turns
 26969 | Abyss:3  | Noticed a bone dragon
 26991 | Abyss:3  | Killed a bone dragon
 27034 | Abyss:3  | Noticed a tentacled starspawn
 27101 | Abyss:3  | Killed from afar by a yellow draconian annihilator

Illustrated notes

Levels and vault maps discovered:
D:1:      dpeg_arrival_prison, layout_loops_ring,
          ebering_ecumenical_altar_abandoned, kennysheep_nondescript,
          wad_floor_pattern_1, hex_tiny, minmay_hexomino_r4
D:2:      layout_basic
D:3:      layout_basic, nemelex_altar_shiori, serial_shops,
          nicolae_shop_advertising_works [nicolae_subvault_shop_adworks]
D:4:      layout_cave_pods, mainiacjoe_overflow_paths,
          nicolae_overflow_hidden_temple, corexii_hall_statues_t,
          hangedman_decor_riveting, nrook_campfire, uniq_eustachio, uniq_natasha
D:5:      layout_loops_corners, lemuel_coloured_pillars_altar, tgw_xom,
          minmay_temple_entry_enclosed_plants, uniq_pikel
D:6:      layout_basic, serial_shops, shop, serial_bayou, serial_bayou_crossing,
          serial_bayou_lake_a, serial_bayou_shore_b, serial_bayou_shore_a,
          minmay_checkerbox
D:7:      layout_loops_corners, okawaru_gym_becter, serial_rivers,
          chequers_serial_rivers_marsh, chequers_serial_rivers_marsh,
          chequers_serial_rivers_small_b, chequers_serial_rivers_large_b,
          grunt_ministairs_13
D:8:      layout_rooms, mainiacjoe_overflow_surrounded_room, lemuel_tele_altar
D:9:      layout_irregular_city, nicolae_ru_sacrificial_ziggurat,
          mainiacjoe_overflow_six_doors_small, david_orc_3
D:10:     layout_gridville, kennysheep_mini, ebering_ghost_xom, enter_bailey_5,
          chequers_big_river, hangedman_abyss_or_decor_lesser_grid
D:11:     layout_irregular_city, erik_lair_orcish_takeover, wad_mini_maze
D:12:     layout_roguey, elyvilon_altar_3
D:13:     layout_basic, trove_entry_hex_spiral
Lair:1:   layout_small_grid, serial_bayou_lagoon_b, uniq_nergalle
Lair:2:   layout_misc_corridors, gammafunk_ghost_abyssal_escape,
          portal_ice_cave_entry_pillars_2, minmay_lair_oklob_bushes
Lair:3:   layout_cave_pods, palyth_hydra_swamp_entry,
          minmay_snake_entry_guardpost_large
Lair:4:   layout_hall_layers, enter_volcano_1, nicolae_lair_grazing_beasts
          [nicolae_sub_lair_graze_edge, nicolae_sub_lair_graze_edge,
          nicolae_sub_lair_graze_edge, nicolae_sub_lair_graze_edge], uniq_nessos
Lair:5:   layout_misc_corridors, slime_altar_1, lemuel_fruit_fields,
          lemuel_fruit_fields, grunt_megastairs_4
Lair:6:   grunt_lair_end_beastmaster, layout_layer_cave, serial_bayou_shore_b,
          lemuel_fruit_tree
Abyss:3:  base: D:8, hangedman_abyss_rune_flesh_and_stone, evilmike_abyss_exit_9

Skill      XL: |  1  2  3  4  5  6  7  8  9 10 11 12 13 14 15 |
---------------+----------------------------------------------+-----
Axes           | 4 5 6 8 9 12 14 15 16 19 22 25 27 | 27.0
Stealth        | 2 4 6 |  6.0
Armour         | 4 7 8 9 10 | 10.2
Fighting       | 4 7 9 11 | 11.2
Shields        | 1 3 5 |  5.6
Dodging        | 3 4 |  4.1

Action                   |  1- 3 |  4- 6 |  7- 9 | 10-12 | 13-15 || total
-------------------------+-------+-------+-------+-------+-------++-------
Melee: Hand axe          |    91 |   101 |   222 |   158 |       ||   572
       Headbutt          |     8 |    10 |    48 |    71 |   104 ||   241
       Punch             |     1 |     2 |     2 |     1 |       ||     6
       Executioner's axe |       |       |       |   243 |   482 ||   725
Invok: Berserk           |     2 |     3 |    12 |    17 |    14 ||    48
       Brothers in Arms  |       |       |       |       |     2 ||     2
  Use: Scroll            |       |    13 |       |     8 |    16 ||    37
 Stab: Sleeping          |     6 |     8 |     9 |    15 |    23 ||    61
       Distracted        |       |       |       |     1 |       ||     1
Armor: Animal skin       |     6 |       |       |       |       ||     6
       Shadow dragon sca |    41 |    64 |    64 |   223 |   274 ||   666
Dodge: Dodged            |    64 |    25 |    53 |   172 |   186 ||   500
Block: Other             |       |     3 |    25 |    79 |    79 ||   186
       Reflection        |       |       |     3 |     2 |     4 ||     9

Table legend: (Time is in decaauts)
 A = Elapsed time spent in this place.
 B = Non-inter-level travel time spent in this place.
 C = Inter-level travel time spent in this place.
 D = Time resting spent in this place.
 E = Time spent auto-exploring this place.
 F = Levels seen in this place.
 G = Mean time per level.
                   A        B        C        D        E       F      G
               +--------+--------+--------+--------+--------+-----+--------+
         Total |  27415 |  26092 |   1323 |   7039 |  15224 |  22 | 1246.1 |
       Dungeon |  16073 |  15130 |    943 |   3633 |   9722 |  13 | 1236.4 |
          Lair |   8482 |   8102 |    380 |   2093 |   4847 |   6 | 1413.7 |
         Abyss |    345 |    345 |      0 |    180 |      0 |   1 |  345.0 |
        Bailey |    662 |    662 |      0 |      0 |    365 |   1 |  662.0 |
      Ice Cave |   1851 |   1851 |      0 |   1132 |    288 |   1 | 1851.0 |
               +--------+--------+--------+--------+--------+-----+--------+

Top non-repeatable levels by time:
  Lair:3: 2328 daAuts
  Lair:6: 1897 daAuts
   IceCv: 1851 daAuts
    D:11: 1746 daAuts
     D:7: 1611 daAuts
    D:10: 1597 daAuts
     D:2: 1490 daAuts
     D:6: 1464 daAuts
  Lair:1: 1405 daAuts
     D:9: 1237 daAuts
     D:5: 1213 daAuts
     D:3: 1137 daAuts
    D:13: 1115 daAuts
  Lair:2: 1104 daAuts
     D:4: 1040 daAuts
